Map: Kairos Junction LE

Players

wolfsha - Winner!

  • Race: Protoss Protoss
  • League: Gold
  • Spawn Location: 5:00

A.I. 2 (Very Easy)

  • Race: Terran Terran
  • Spawn Location: 11:00

VOD

Have the link to the VOD?

Description

just a standard blink robo build, execution isnt perfect but its good enough for the purpose

Time

  • Played on: Aug. 11, 2019, 10:59 a.m.
  • Length: 11:11
Show
View Real Time Build Order
Export as new Build Order

wolfsha Protoss - Winner!

Build Orders: 1 Gate Expand, Double Forge, Blink Stalkers, Chargelot Immortal 

Get SALT Encoding   

  12  0:01  Probe  
  13  0:13  Probe  
  14  0:17  Pylon  
  14  0:25  Probe  
  15  0:33  Probe  
  15  0:41  Probe  
  15  0:42  Gateway  
  16  0:47  Assimilator  
  17  0:51  Probe  
  18  1:03  Probe  
  19  1:15  Probe  
  20  1:24  Nexus  
  20  1:35  Cybernetics Core  
  20  1:37  Probe  
  21  1:45  Assimilator  
  21  1:48  Pylon  
  21  1:52  Probe  
  22  2:01  Adept  
  22  2:04  Probe  
  23  2:13  Warp Gate  
  25  2:17  Probe  
  26  2:27  Twilight Council  
  26  2:29  Probe  
  27  2:33  Stalker  
  29  2:37  Probe  
  29  2:41  Probe  
  31  2:49  Probe  
  32  2:53  Probe  
  32  2:57  Blink  
  33  3:01  Probe  
  33  3:03  Stalker  
  33  3:04  Probe  
  37  3:10  Probe  
  37  3:13  Probe  
  37  3:18  Probe  
  39  3:21  Probe  
  41  3:28  Robotics Facility, Probe  
  42  3:35  Gateway x2  
  42  3:38  Probe  
  42  3:40  Probe  
  44  3:46  Pylon  
  44  3:50  Probe  
  44  3:52  Probe  
  46  4:04  Probe x2  
  46  4:08  Nexus  
  46  4:09  Pylon  
  48  4:14  Observer  
  48  4:16  Probe x2  
  50  4:17  Assimilator  
  50  4:18  Stalker  
  53  4:28  Probe x2  
  55  4:32  Stalker x2  
  55  4:33  Observer  
  60  4:40  Probe x2  
  62  4:46  Forge  
  62  4:48  Forge  
  62  4:55  Pylon  
  62  4:57  Pylon  
  62  4:59  Protoss Ground Weapons Level 1, Protoss Ground Armor Level 1  
  62  5:14  Probe x2, Stalker, Observer  
  65  5:15  Stalker  
  65  5:16  Stalker  
  65  5:20  Probe  
  72  5:26  Probe x2  
  74  5:32  Probe  
  75  5:37  Gateway  
  75  5:38  Probe x2  
  75  5:39  Gateway  
  77  5:45  Probe  
  77  5:46  Observer  
  77  5:47  Gateway  
  77  5:48  Gateway  
  78  5:50  Charge, Gateway  
  78  5:52  Probe x2  
  81  6:01  Immortal  
  84  6:18  Zealot  
  84  6:19  Zealot x2  
  84  6:20  Pylon x2  
  90  6:35  Zealot  
  92  6:42  Immortal  
  96  6:48  Protoss Ground Weapons Level 2, Zealot x6  
  96  6:54  Pylon  
  108  6:57  Pylon  
  108  6:58  Pylon  
  108  6:59  Observer  
  108  7:03  Protoss Ground Armor Level 2  
  108  7:04  Pylon  
  108  7:13  Zealot x4  
  116  7:17  Immortal  
  116  7:23  Zealot x4  
  128  7:35  Zealot x4  
  136  7:38  Pylon x2  
  136  7:40  Pylon  
  136  7:47  Warp Prism  
  136  7:52  Zealot x2  
  136  7:57  Stalker x6  
  154  8:04  Gateway  
  154  8:05  Gateway  
  153  8:20  Zealot  
  153  8:21  Zealot x5  
  165  8:30  Pylon x2  
  165  8:31  Pylon  
  165  8:32  Pylon  
  165  8:33  Pylon  
  165  8:34  Pylon  
  165  8:48  Immortal  
  169  8:49  Pylon  
  169  8:51  Pylon x2  
  169  8:52  Pylon  
  169  8:55  Pylon  
  169  8:56  Sentry x3  
  169  8:57  Pylon  
  169  8:58  Sentry x2  
  169  8:59  Zealot x2  
  169  9:00  Zealot x2  
  187  9:03  Stalker  
  189  9:21  Pylon  
  189  9:23  Pylon  
  189  9:24  Pylon  
  189  9:25  Pylon  
  189  9:29  Immortal  
  193  9:56  Zealot x3  
  199  10:12  Assimilator  
  199  10:16  Assimilator x2  
  199  10:18  Nexus  
  199  10:19  Pylon  
  199  10:24  Robotics Bay  
  199  10:28  Robotics Facility  
  199  10:30  Gateway  
  199  10:31  Gateway  
Show
View Real Time Build Order
Export as new Build Order

A.I. 2 (Very Easy) Terran 

Build Orders:  

Get SALT Encoding   

  12  0:00  SCV  
  13  0:13  SCV  
  14  0:18  Supply Depot  
  14  0:37  Refinery  
  14  0:40  Barracks  
  14  1:04  Supply Depot  
  14  1:12  Refinery  
  14  1:27  Marine  
  14  1:30  Orbital Command  
  15  1:56  SCV  
  16  2:08  SCV  
  17  2:11  Marine  
  18  2:20  SCV  
  19  2:30  Barracks Tech Lab  
  19  2:32  SCV  
  20  2:44  SCV  
  21  2:55  Marauder  
  21  2:56  SCV  
  24  6:33  SCV  
  24  6:34  Marine  
  24  6:35  Factory  
  24  6:37  Supply Depot  
  26  6:40  Command Center  
  26  6:45  SCV  
  27  6:58  SCV  
  28  7:02  Supply Depot  
  28  7:06  Marine  
  25  7:21  Starport  
  25  7:37  Marine  
  26  7:53  SCV  
  27  7:59  Refinery  
  27  8:00  SCV, Starport Tech Lab  
  27  8:03  Refinery  
  28  8:07  SCV  
  28  8:08  Marine  
  30  8:15  SCV  
  30  8:18  Raven  
  33  8:22  SCV  
  34  8:29  SCV  
  35  8:36  SCV  
  35  8:40  Marine  
  37  8:43  SCV  
  38  8:51  SCV  
  39  8:58  SCV  
  39  9:01  Raven  
  42  9:05  SCV  
  43  9:12  SCV, Marauder  
  46  9:19  SCV  
  47  9:27  SCV  
  48  9:34  SCV  
  49  9:41  SCV  
  50  9:48  SCV  
  51  10:13  Marine  
  43  10:35  SCV  
  24  10:43  Supply Depot  
  24  10:47  SCV  
Tags
 
Add a new tag
Caveats
  • Supply blocks, unpowered buildings, or Contaminate may cause inaccurate times.
  • Supply counts are checked every 10 seconds.